 Dungeon Crawl Stone Soup version 0.31-a0-177-g4aa6249778 (webtiles) character file.

Game seed: 4575467211781447617

52 Maxmaps the Shooter (level 4, -4/49 HPs)
             Began as a Formicid Hunter on June 19, 2023.
             Killed by divine providence
             ... invoked by an orc priest
              (14 damage)
             ... on level 3 of the Dungeon.
             The game lasted 00:01:22 (1410 turns).

Maxmaps the Shooter (Formicid Hunter)               Turns: 1410, Time: 00:01:23

Health: -4/49      AC: 22    Str: 19    XL:     4   Next: 8%
Magic:  4/4        EV:  2    Int:  8    God:
Gold:   170        SH:  4    Dex: 18    Spells: 3/3 levels left

rFire   + . .        a - +0 shortbow
rCold   + . .        q - +0 buckler
rNeg    . . .        c - melded +0 leather armour
rPois   +            (helmet unavailable)
rElec   +            (cloak currently unavailable)
rCorr   +            (gloves currently unavailable)
SInv    .            (boots currently unavailable)
Will    +....        (no amulet)
Stlth   ++           (no ring)
HPRegen 0.28/turn    (no ring)
MPRegen 0.09/turn

%: clarity
@: mighty, brilliant, tree-form, resistant
A: stationary, stasis, torment immunity, boosted hp, permanent stasis, dig
shafts and tunnels, (antennae 3), four strong arms, clarity, strong-willed 1,
strong 1
a: no special abilities


You were on level 3 of the Dungeon.
You were a tree.
You visited 1 branch of the dungeon, and saw 3 of its levels.

You collected 170 gold pieces.

Inventory:

Hand Weapons
 a - a +0 shortbow (weapon)
Armour
 c - a +0 leather armour (melded)
 q - a +0 buckler (worn)
Scrolls
 b - a scroll of butterflies
 e - 3 scrolls of identify {unknown}
 f - 2 scrolls of noise {unknown}
 g - 2 scrolls of teleportation {unknown}
 i - a scroll of torment {unknown}
 k - a scroll of silence {unknown}
 p - a scroll of amnesia {unknown}


   Skills:
 - Level 2.1 Fighting
 - Level 5.2 Ranged Weapons
 - Level 1.7 Dodging
 - Level 1.2 Stealth
 + Level 1.0 Shields


You had 3 spell levels left.
You didn't know any spells.
Your spell library contained the following spells:

 Spells                   Type           Power      Damage    Failure   Level
 Freeze                   Ice            0%         1d3       50%         1
 Frozen Ramparts          Ice            0%         1d1       86%         3
 Hailstorm                Conj/Ice       0%         3d3       86%         3
 Borgnjor's Revivificati  Necr           0%         N/A       100%        8
 Necromutation            Tmut/Necr      0%         N/A       100%        8
 Death's Door             Necr           0%         N/A       100%        9


Dungeon Overview and Level Annotations

Branches:
Dungeon (3/15)

Altars:
Ru


Innate Abilities, Weirdness & Mutations

You are a tree.
Your roots penetrate the ground, keeping you stationary.
You cannot be teleported.
You are immune to unholy pain and torment.
Your maximum health is greatly increased.
Your equipment is partially melded.
You cannot be hasted, slowed, berserked, paralysed or teleported.
You can dig through walls and to a lower floor.
((You have a pair of large antennae on your head. (SInv)))
Your four strong arms can wield two-handed weapons with a shield.
You possess an exceptional clarity of mind.
You are strong-willed. (Will+)
Your muscles are strong. (Str +4, Int/Dex -1)


Message History

Fire: a) +0 shortbow
Press: ? - help, Shift-Dir - straight line, f/p - orc
Aim: an orc, wielding a +0 club and wearing a +0 ring mail (lightly wounded, 68% to hit)
You shoot an arrow. The arrow barely misses the orc.
The arrow hits the orc priest but does no damage.
The orc hits you but does no damage.
It was a potion of mutation.
You feel extremely strange.
You feel stronger.
You feel strong-willed.
Your thoughts seem clearer.
The orc hits you but does no damage.
It was a potion of might.
You feel very mighty all of a sudden. The orc hits you but does no damage.
Fire: a) +0 shortbow
Press: ? - help, Shift-Dir - straight line, f/p - orc
Aim: an orc, wielding a +0 club and wearing a +0 ring mail (lightly wounded, 68% to hit)
You shoot an arrow.
The arrow hits the orc but does no damage.
The orc is lightly wounded.
The orc hits you but does no damage. x2
Fire: a) +0 shortbow
Press: ? - help, Shift-Dir - straight line, f/p - orc
Aim: an orc, wielding a +0 club and wearing a +0 ring mail (68% to hit)
You shoot an arrow. The arrow hits the orc.
The orc is almost dead.
The orc hits you but does no damage.
Unknown command.
Fire: a) +0 shortbow
Press: ? - help, Shift-Dir - straight line, f/p - orc
Aim: an orc, wielding a +0 club and wearing a +0 ring mail (almost dead, 68% to hit)
You shoot an arrow. The arrow hits the orc!
You kill the orc!
Your Shields skill increases to level 1!
Fire: a) +0 shortbow
Press: ? - help, Shift-Dir - straight line, f - orc priest
Aim: an orc priest, wielding a +0 hand axe (64% to hit)
You shoot an arrow. The arrow hits the orc priest.
The orc priest is moderately wounded.
The orc priest calls down the wrath of Beogh upon you.
Beogh smites you!
You die...

'. #...#.# #.
##...#.###### #..#+#
#............ #
#..#.######....#.######
.#.#..#...........#.######
......).......)####.......
.....!..#####..##########.
...####.##.......# #<
........o♣.......# #.
######.###.....≈##########
..?.....#.≈........≈
........#+#..≈.≈.≈.≈._
....>........≈........≈
..............≈########
...... ......... .........
.........#


You could see an orc priest.

Vanquished Creatures
  An adder (D:2)
  A worm (D:2)
  3 orcs (D:3)
  5 bats
  2 endoplasms (D:2)
  A giant cockroach (D:1)
  2 goblins (D:2)
  A hobgoblin (D:2)
  4 quokkas
  4 ball pythons
  3 frilled lizards
  6 kobolds
  3 rats
36 creatures vanquished.

Notes
Turn   | Place    | Note
-------+----------+-------------------------------------------
     0 | D:1      | Maxmaps the Formicid Hunter began the quest for the Orb.
     0 | D:1      | Reached XP level 1. HP: 16/16 MP: 1/1
   408 | D:1      | Reached XP level 2. HP: 22/22 MP: 2/2
   742 | D:2      | Reached XP level 3. HP: 27/27 MP: 3/3
   886 | D:2      | Reached skill level 5 in Ranged Weapons
  1357 | D:3      | Found a sacrificial altar of Ru.
  1386 | D:3      | Reached XP level 4. HP: 23/33 MP: 4/4
  1405 | D:3      | Gained mutation: Your muscles are strong. (Str +4, Int/Dex
                  | -1) [potion of mutation]
  1405 | D:3      | Gained mutation: You are strong-willed. (Will+) [potion of
                  | mutation]
  1405 | D:3      | Gained mutation: You possess an exceptional clarity of
                  | mind. [potion of mutation]
  1410 | D:3      | Reached skill level 1 in Shields
  1410 | D:3      | Killed from afar by an orc priest

Illustrated notes

Levels and vault maps discovered:
D:1:      dpeg_arrival_shrine, layout_basic
D:2:      layout_loops_cross
D:3:      layout_basic, fedhas_altar_1, nicolae_ru_path_of_blood, uniq_natasha

Skill      XL: |  1  2  3  4 |
---------------+-------------+-----
Ranged Weapons | 5 |  5.2
Shields        | 1 |  1.0
Fighting       | |  2.1
Dodging        | |  1.7
Stealth        | |  1.2

Action                     |  1- 3 |  4- 6 || total
---------------------------+-------+-------++-------
   Fire: Shortbow          |    78 |    15 ||    93
    Use: Potion            |       |     7 ||     7
 Armour: Leather armour    |     4 |       ||     4
         Skin              |       |    14 ||    14
  Dodge: Dodged            |     8 |     2 ||    10
  Block: Buckler           |     1 |     3 ||     4

Table legend: (Time is in decaauts)
 A = Elapsed time spent in this place.
 B = Non-inter-level travel time spent in this place.
 C = Inter-level travel time spent in this place.
 D = Time resting spent in this place.
 E = Time spent auto-exploring this place.
 F = Levels seen in this place.
 G = Mean time per level.
                   A        B        C        D        E       F      G
               +--------+--------+--------+--------+--------+-----+--------+
         Total |   1429 |   1367 |     62 |      0 |   1159 |   3 |  476.3 |
       Dungeon |   1429 |   1367 |     62 |      0 |   1159 |   3 |  476.3 |
               +--------+--------+--------+--------+--------+-----+--------+

Top non-repeatable levels by time:
     D:1: 739 daAuts
     D:2: 595 daAuts
     D:3: 94 daAuts
